 Dungeon Crawl Stone Soup version 0.30-a0-329-g85436e0a43 (webtiles) character file.

Game seed: 10233910214644041823

1462 IdlyInterested the Shield-Bearer (level 8, -1/58 HPs)
             Began as a Demonspawn Fighter on Oct 28, 2022.
             Slain by a two-headed ogre
             ... wielding a +0 giant club
              (15 damage)
             ... on level 6 of the Dungeon.
             The game lasted 00:17:31 (4155 turns).

IdlyInterested the Shield-Bearer (DsFi)             Turns: 4155, Time: 00:17:32

Health: -1/58      AC: 11    Str: 16    XL:     8   Next: 48%
Magic:  14/14      EV: 12    Int: 10    God:
Gold:   85         SH:  6    Dex: 15    Spells: 15/15 levels left

rFire   + . .      SeeInvis .    t - +2 short sword (venom)
rCold   + . .      Faith    .    c - +0 buckler
rNeg    + . .      Spirit   .    p - +1 leather armour of Bitterness {rN+}
rPois   .          Reflect  .    (helmet restricted)
rElec   .          Harm     .    w - +0 cloak
rCorr   .          Rampage  .    u - +2 pair of gloves
Will    .....                    h - +1 pair of boots
Stlth   ++........               k - amulet of regeneration
HPRegen 1.09/turn                g - ring of protection from fire
MPRegen 0.14/turn                x - ring of protection from cold

@: no status effects
A: horns 2, sharp scales 1, demonic magic 2
a: no special abilities


You were on level 6 of the Dungeon.
You visited 2 branches of the dungeon, and saw 7 of its levels.

You collected 305 gold pieces.
You spent 220 gold pieces at shops.

Inventory:

Hand Weapons
 s - a +2 short sword of freezing
 t - a +2 short sword of venom (weapon)
 z - a +2 rapier
Armour
 c - a +0 buckler (worn)
 h - a +1 pair of boots (worn)
 p - the +1 leather armour of Bitterness (worn) {rN+}
   (You took it off an orc on level 5 of the Dungeon)

   rN:        It protects you from negative energy.
 u - a +2 pair of gloves (worn)
 w - a +0 cloak (worn)
Jewellery
 a - a +6 ring of strength
 f - a ring of flight
 g - a ring of protection from fire (left hand)
 k - an amulet of regeneration (around neck)
 x - a ring of protection from cold (right hand)
 y - a ring of wizardry
Wands
 m - a wand of digging (8)
 n - a wand of charming (4)
Scrolls
 o - a scroll of teleportation
 q - 3 scrolls of magic mapping
 v - 2 scrolls of amnesia
 A - a scroll of vulnerability {unknown}
Potions
 b - a potion of berserk rage {unknown}
 d - 3 potions of might
 e - 6 potions of curing
 i - 6 potions of heal wounds
 j - 2 potions of flight
 l - 2 potions of invisibility
 r - 2 potions of lignification {unknown}


   Skills:
 - Level 3.0 Fighting
 + Level 1.7 Short Blades
 - Level 3.0 Maces & Flails
 - Level 3.0 Armour
 - Level 3.0 Dodging
 - Level 3.0 Stealth
 * Level 6.2 Shields
 * Level 4.2 Spellcasting
 - Level 3.0 Evocations


You had 15 spell levels left.
You didn't know any spells.
Your spell library contained the following spells:

 Spells                   Type           Power      Damage    Failure   Level
 Sandblast                Erth           4%         2d4       36%         1
 Passwall                 Tmut/Erth      1%         N/A       52%         2
 Stone Arrow              Conj/Erth      4%         3d7       75%         3


Dungeon Overview and Level Annotations

Branches:
Dungeon (6/15)             Temple (1/1) D:6

Altars:
Ashenzari
Cheibriados
Dithmenos
Fedhas
Gozag
Hepliaklqana
Kikubaaqudgha
Nemelex Xobeh
Qazlal
Ru
Sif Muna
Trog
Uskayaw
Vehumet
Wu Jian
Xom
Yredelemnul

Shops:
D:2 (   D:5 *


Innate Abilities, Weirdness & Mutations

You have a pair of horns on your head.
You are partially covered in razor-sharp scales. (AC +1, Slay +1)
Spells you cast may paralyse nearby enemies.


Message History

The sky beast is lightly wounded.
The howler monkey hoots and howls with incredible vigour!
The sky beast hits you. The sky beast shocks you.
You barely miss the sky beast.
The sky beast is lightly wounded.
The sky beast flickers out of sight!
Deactivating autopickup; reactivate with Ctrl-A.
Something hits you but does no damage.
You hit something. You block something's attack.
You barely miss something. You headbutt something.
Something hits you but does no damage.
Aiming: Charm
Press: ? - help, Shift-Dir - straight line, f - howler monkey
Aim: a howler monkey (chance to affect: 65%)
The howler monkey struggles to resist.
The howler monkey barely misses you. Something hits you but does no damage.
The two-headed ogre barely misses you.
The two-headed ogre hits you with a +0 giant club!
You barely miss the two-headed ogre. You block the howler monkey's attack.
A sky beast appears from thin air!
Reactivating autopickup.
The sky beast hits you but does no damage.
You hit the two-headed ogre.
The two-headed ogre is poisoned.
You headbutt the two-headed ogre!
The two-headed ogre is lightly wounded.
The two-headed ogre barely misses you.
The two-headed ogre hits you with a +0 giant club.
The howler monkey hits you.
You hit the two-headed ogre.
The two-headed ogre looks as sick as possible!
You headbutt the two-headed ogre!
The two-headed ogre is moderately wounded.
The sky beast hits you but does no damage.
You block the howler monkey's attack.
You hit the two-headed ogre but do no damage.
The two-headed ogre looks as sick as possible!
The two-headed ogre is moderately wounded.
The two-headed ogre hits you with a +0 giant club!
* * * LOW HITPOINT WARNING * * *
The two-headed ogre hits you with a +0 giant club!
You die...

#.# #.......# #'##
#.#.###.# ...## #<#.#
###### ....## #.#.##
#...... .....##
##....##.......
......####....##........
......'......##.........
......####..##..Y.......
.....## ##.#...@O......
....## #.#....h......
.##.# #.#...........
..#.# #.'........##)
....# #.'........# ..###
###.......... ..###
#........... ....#####
#........... ..#.#...#
##.........


You could see a two-headed ogre (extremely poisoned), a sky beast (very
poisoned) and a howler monkey.

Vanquished Creatures
  Grinder (D:3)
  An ice beast (D:6)
  A black bear (D:4)
  A phantom (D:5)
  3 bullfrogs (D:6)
  A necrophage (D:6)
  A hound (D:5)
  A jelly (D:5)
  2 orc priests
  Crazy Yiuf (D:2)
  A gnoll bouda (D:5)
  Ijyb (D:3)
  4 iguanas
  4 orc wizards
  5 gnolls (D:5)
  13 adders
  3 white imps (D:6)
  2 ufetubi
  5 worms
  A dart slug (D:5)
  27 orcs
  9 endoplasms
  5 giant cockroaches
  5 goblins
  14 hobgoblins
  9 kobolds
  3 quokkas
  4 ball pythons
  5 bats
  3 frilled lizards (D:2)
  3 rats
139 creatures vanquished.

Vanquished Creatures (others)
  5 fungi (D:2)
5 creatures vanquished.

Grand Total: 144 creatures vanquished

Notes
Turn   | Place    | Note
-------+----------+-------------------------------------------
     0 | D:1      | IdlyInterested the Demonspawn Fighter began the quest for
                  | the Orb.
     0 | D:1      | Reached XP level 1. HP: 18/18 MP: 1/1
   228 | D:1      | Gained mutation: You are partially covered in razor-sharp
                  | scales. (AC +1, Slay +1) [demonic ancestry]
   228 | D:1      | Reached XP level 2. HP: 24/24 MP: 2/2
   640 | D:2      | Gained mutation: Spells you cast may paralyse adjacent
                  | enemies. [demonic ancestry]
   640 | D:2      | Reached XP level 3. HP: 27/29 MP: 3/3
   782 | D:2      | Reached skill level 1 in Stealth
   921 | D:2      | Found a faded altar of an unknown god.
   926 | D:2      | Reached XP level 4. HP: 35/35 MP: 4/4
  1071 | D:2      | Found Fulled's Antique Weapon Shop.
  1281 | D:2      | Found a runed translucent door.
  1282 | D:2      | Noticed Crazy Yiuf
  1290 | D:2      | Killed Crazy Yiuf
  1470 | D:2      | Bought a rapier for 100 gold pieces
  1496 | D:3      | Reached skill level 1 in Dodging
  1561 | D:3      | Gained mutation: Spells you cast may paralyse nearby
                  | enemies. [demonic ancestry]
  1561 | D:3      | Reached XP level 5. HP: 41/41 MP: 5/5
  1673 | D:3      | Noticed Grinder
  1701 | D:3      | Paralysed by Grinder for 2 turns
  1715 | D:3      | Killed Grinder
  1716 | D:3      | Gained mutation: You have a pair of small horns on your
                  | head. [demonic ancestry]
  1716 | D:3      | Reached XP level 6. HP: 42/47 MP: 5/9
  1813 | D:3      | Noticed Ijyb
  1843 | D:3      | Killed Ijyb
  1962 | D:4      | Reached skill level 3 in Shields
  2122 | D:4      | Reached skill level 1 in Evocations
  2122 | D:4      | Reached XP level 7. HP: 52/52 MP: 11/11
  2441 | D:4      | Found an ornate altar of the Wu Jian Council.
  2496 | D:5      | Entered Level 5 of the Dungeon
  2550 | D:5      | Reached skill level 4 in Shields
  2743 | D:5      | Identified the +1 leather armour of Bitterness {rN+}
  2878 | D:5      | Found Okymeg's Assorted Antiques.
  2881 | D:5      | Bought a fuming blue potion for 18 gold pieces
  2881 | D:5      | Bought a bubbling white potion for 18 gold pieces
  2881 | D:5      | Bought an encrusted fluorescent wand for 84 gold pieces
  2929 | D:5      | Reached skill level 5 in Shields
  2989 | D:5      | Found a faded altar of an unknown god.
  3237 | D:6      | Gained mutation: You have a pair of horns on your head.
                  | [demonic ancestry]
  3237 | D:6      | Reached XP level 8. HP: 58/58 MP: 13/13
  3272 | D:6      | Found a shimmering blue altar of Sif Muna.
  3452 | D:6      | Found a sparkling altar of Nemelex Xobeh.
  3488 | D:6      | Reached skill level 1 in Short Blades
  3492 | D:6      | Reached skill level 6 in Shields
  3572 | D:6      | Found a staircase to the Ecumenical Temple.
  3604 | Temple   | Entered the Ecumenical Temple
  4145 | D:6      | Noticed a two-headed ogre
  4155 | D:6      | Slain by a two-headed ogre

Illustrated notes

Levels and vault maps discovered:
D:1:      minmay_arrival_nine_rooms, layout_rooms
D:2:      minmay_alternating_diamond, layout_basic,
          ebering_ecumenical_altar_sacrificial, serial_shops, shop,
          uniq_crazy_yiuf_cottage
D:3:      layout_rooms, uniq_grinder, uniq_ijyb
D:4:      layout_cave_pools, nicolae_wu_jian_immortal_techniques
D:5:      layout_cave_pools, serial_shops, kennysheep_mini, serial_column_ruins,
          column_ruins_temple_hall, column_ruins_open_tiny,
          column_ruins_open_small, column_ruins_grid_1, column_ruins_open_tiny
D:6:      kennysheep_big_flooded_room, layout_loops_corners,
          mainiacjoe_overflow_tiny_flanked, jmf_multi_god_temple,
          minmay_temple_entry_large_hall
Temple:   compressed_dpeg_triangle_lava_temple

Skill      XL: |  1  2  3  4  5  6  7  8 |
---------------+-------------------------+-----
Maces & Flails | 2 3 |  3.0
Armour         | 3 |  3.0
Stealth        | 2 3 |  3.0
Dodging        | 1 3 |  3.0
Spellcasting   | 2 3 4 |  4.2
Shields        | 3 5 6 |  6.2
Evocations     | 1 2 3 |  3.0
Short Blades   | 1 |  1.7
Fighting       | |  3.0

Action                   |  1- 3 |  4- 6 |  7- 9 || total
-------------------------+-------+-------+-------++-------
Melee: Flail             |    83 |       |       ||    83
       Dagger            |     8 |    30 |       ||    38
       Short sword       |       |   134 |   207 ||   341
       Headbutt          |       |     6 |    57 ||    63
Evoke: Wand              |       |       |     1 ||     1
  Use: Scroll            |     3 |     7 |     3 ||    13
       Potion            |       |       |     1 ||     1
 Stab: Sleeping          |       |       |     1 ||     1
Armor: Scale mail        |    52 |       |       ||    52
       Chain mail        |    12 |   113 |    50 ||   175
       Leather armour    |       |       |    39 ||    39
Dodge: Dodged            |    42 |    52 |    75 ||   169
Block: Buckler           |    19 |    30 |    50 ||    99

Table legend: (Time is in decaauts)
 A = Elapsed time spent in this place.
 B = Non-inter-level travel time spent in this place.
 C = Inter-level travel time spent in this place.
 D = Time resting spent in this place.
 E = Time spent auto-exploring this place.
 F = Levels seen in this place.
 G = Mean time per level.
                   A        B        C        D        E       F      G
               +--------+--------+--------+--------+--------+-----+--------+
         Total |   4192 |   3766 |    426 |     25 |   2225 |   7 |  598.9 |
       Dungeon |   3855 |   3449 |    406 |     25 |   1916 |   6 |  642.5 |
        Temple |    337 |    317 |     20 |      0 |    309 |   1 |  337.0 |
               +--------+--------+--------+--------+--------+-----+--------+

Top non-repeatable levels by time:
     D:2: 857 daAuts
     D:6: 650 daAuts
     D:5: 616 daAuts
     D:1: 611 daAuts
     D:4: 590 daAuts
     D:3: 528 daAuts
  Temple: 337 daAuts
